 Dungeon Crawl Stone Soup version 0.24-b1-30-g840c9efd86 (webtiles) character file.

Game seed: 8027958880831767670, levelgen mode: deterministic

1326 lepoulpe303 the Spear-Bearer (level 8, 0/65 HPs)
             Began as a Merfolk Monk on Oct 23, 2019.
             Was a Priest of Okawaru.
             Slain by a killer bee (1 damage)
             ... on level 7 of the Dungeon.
             The game lasted 00:26:28 (7244 turns).

lepoulpe303 the Spear-Bearer (Merfolk Monk)         Turns: 7244, Time: 00:26:29

Health: 0/65       AC:  7    Str: 11    XL:     8   Next: 60%
Magic:  8/8        EV: 12    Int: 10    God:    Okawaru [***...]
Gold:   276        SH:  0    Dex: 16    Spells: 7/7 levels left

rFire    . . .     SeeInvis .   a - +1 halberd
rCold    + . .     Gourm    .   (shield currently unavailable)
rNeg     . . .     Faith    .   y - +0 scale mail
rPois    +         Spirit   .   (no helmet)
rElec    .         Reflect  .   A - +0 cloak
rCorr    .         Harm     .   x - +0 pair of gloves
MR       .....                  (no boots)
Stlth    ++........             f - amulet of the acrobat
HPRegen  0.20/turn              I - ring of protection from cold
MPRegen  0.11/turn              P - ring of poison resistance

@: lethally poisoned (0 -> -1)
A: change form in water, swift swim, stealthy swim, molten scales 1, deformed
body, weak 1
a: Heroism, Renounce Religion


You were on level 7 of the Dungeon.
You worshipped Okawaru.
Okawaru was most pleased with you.
You were not hungry.

You visited 1 branch of the dungeon, and saw 7 of its levels.

You collected 276 gold pieces.

Inventory:

Hand Weapons
 a - a +1 halberd (weapon)
 j - a +0 spear
Missiles
 Q - 183 stones (quivered)
Armour
 l - a +1 buckler
 m - a +0 ring mail
 x - a +0 pair of gloves (worn)
 y - a +0 scale mail (worn)
 A - a +0 cloak (worn)
Jewellery
 b - an uncursed ring of ice {rC+, rF-}
 f - an amulet of the acrobat (around neck)
 p - an uncursed amulet of the gourmand
 s - an uncursed ring of flight
 v - an uncursed ring of fire {rF+, rC-}
 I - a ring of protection from cold (left hand)
 P - a ring of poison resistance (right hand)
 R - an uncursed amulet of regeneration
Scrolls
 c - a scroll of fog {unknown}
 g - 2 scrolls of fear {unknown}
 i - 6 scrolls of identify
 k - 3 scrolls of enchant armour
 n - a scroll of blinking {unknown}
 o - 2 scrolls of enchant weapon
 r - a scroll of magic mapping {unknown}
 u - 2 scrolls of random uselessness {unknown}
 w - 5 scrolls of remove curse
Potions
 d - 6 potions of flight
 h - 2 potions of haste
 q - 5 potions of curing
 t - a potion of brilliance {unknown}
Comestibles
 e - 6 rations
 z - 4 chunks of flesh


   Skills:
 * Level 6.9 Fighting
 * Level 9.0 Polearms
 + Level 2.4 Armour
 + Level 6.4 Dodging
 + Level 5.1 Stealth


You had 7 spell levels left.
You didn't know any spells.
Your spell library contained the following spells:

 Spells                   Type           Power        Failure   Level  Hunger
 Summon Small Mammal      Summ           #...         91%         1    ##.....
 Call Imp                 Summ           #.......     97%         2    ###....
 Call Canine Familiar     Summ           #.......     100%        3    ####...
 Summon Guardian Golem    Hex/Summ       #.......     100%        3    ####...
 Summon Ice Beast         Ice/Summ       #.......     100%        4    #####..
 Summon Lightning Spire   Summ/Air       #.......     100%        4    #####..


Dungeon Overview and Level Annotations

Branches:
Dungeon (7/15)
 Temple: D:4-7

Altars:
Fedhas
Gozag
Okawaru
Qazlal
Trog
Yredelemnul
Zin
The Shining One

Shops:
D:5 =

Annotations:
D:6 3 runed translucent doors, ChadPA's ghost, novice DDFi


Innate Abilities, Weirdness & Mutations

You revert to your normal form in water.
You are very nimble and swift while swimming.
You are very stealthy in the water. (Stealth+)
You are partially covered in molten scales. (AC +2)
Armour fits poorly on your strangely shaped body.
You are weak. (Str -2)


Message History

The hippogriff bites you.
* * * LOW HITPOINT WARNING * * *
The hippogriff pecks you but does no damage.
The hippogriff claws you but does no damage.
The killer bee completely misses you. The adder bites you.
* * * LOW HITPOINT WARNING * * *
The hippogriff bites you.
* * * LOW HITPOINT WARNING * * *
The hippogriff pecks you.
* * * LOW HITPOINT WARNING * * *
The hippogriff barely misses you.
You take 15 damage, and have 5/65 hp.
MASSIVE DAMAGE!!
You barely miss the killer bee.
The killer bee stings you but does no damage.
The killer bee barely misses you. The adder barely misses you.
The hippogriff misses you. The hippogriff pecks you.
* * * LOW HITPOINT WARNING * * *
The hippogriff completely misses you. The killer bee stings you.
You die...

... #...........
...###+##...........
#./.........######
#...........#....#
+...........'....#
#...........#....#
#...........#....#
#...........#....#
#...(@......#....#####
+...yHS.....#......÷..
#...........###'###÷..
#....(.######.....#...
#....(.# #.....#...
#....(.# ...#....h#...
#......#.........[#...
#......####.......####
########....


You could see a hippogriff, a killer bee and an adder.

Levels and vault maps discovered:
D:1:      arrival_aquarium_b, layout_loops_ring
D:2:      layout_loops_ring, first_ration, kennysheep_generic_room_10
D:3:      layout_loops_ring, grunt_temple_overflow_forces_of_nature,
          okawaru_trees_2
D:4:      layout_rooms, old_standard_altar, kennysheep_mini_moat,
          nicolae_tso_besieged_by_evil, gammafunk_temple_overflow_elements
D:5:      layout_rooms, serial_shops, shop
D:6:      minmay_evil_eye, layout_cave_pools, gammafunk_ghost_icy
D:7:      layout_gridville, minmay_temple_entry_antechambers, enter_ossuary_5

Notes
Turn   | Place    | Note
-------+----------+-------------------------------------------
     0 | D:1      | lepoulpe303 the Merfolk Monk began the quest for the Orb.
     0 | D:1      | Reached XP level 1. HP: 18/18 MP: 1/1
     3 | D:1      | Noticed an electric eel
     3 | D:1      | Noticed an electric eel
   186 | D:1      | Identified a +0 short sword
   192 | D:1      | Reached XP level 2. HP: 16/24 MP: 2/2
   296 | D:1      | Identified a +0 club
   300 | D:1      | Identified a +0 club
   742 | D:1      | Identified a +0 dagger
   854 | D:1      | Identified a +0 club
  1066 | D:1      | Identified a +0 club
  1081 | D:1      | Reached skill level 5 in Polearms
  1171 | D:1      | Identified a +0 ring mail (You found it on level 1 of the
                  | Dungeon)
  1217 | D:2      | Reached XP level 3. HP: 25/29 MP: 3/3
  1380 | D:2      | Identified a +0 club
  1471 | D:2      | Reached XP level 4. HP: 36/37 MP: 4/4
  1476 | D:2      | Reached skill level 4 in Fighting
  1481 | D:2      | Identified a +0 halberd
  1481 | D:2      | Identified a +0 spear
  1503 | D:2      | HP: 9/37 [gnoll/+0 halberd (13)]
  1920 | D:2      | Identified a +0 club
  2574 | D:2      | Reached skill level 3 in Stealth
  2619 | D:2      | Identified a +0 club
  2631 | D:2      | Reached XP level 5. HP: 41/42 MP: 5/5
  2911 | D:3      | Found a blossoming altar of Fedhas.
  2931 | D:3      | Found a stormy altar of Qazlal.
  2941 | D:3      | Identified a +0 dagger
  2941 | D:3      | Identified a +0 dagger
  2943 | D:3      | Identified a +0 short sword
  2943 | D:3      | Identified a +0 chain mail
  3074 | D:3      | Found an iron altar of Okawaru.
  3085 | D:3      | Identified 5 scrolls of identify
  3085 | D:3      | Identified an amulet of the acrobat (You found it on level
                  | 1 of the Dungeon)
  3086 | D:3      | Identified an amulet of regeneration (You found it on level
                  | 3 of the Dungeon)
  3088 | D:3      | Identified a ring of protection from cold (You found it on
                  | level 1 of the Dungeon)
  3089 | D:3      | Identified a ring of ice (You found it on level 2 of the
                  | Dungeon)
  3100 | D:3      | Identified a +0 buckler (You found it on level 3 of the
                  | Dungeon)
  3102 | D:3      | Became a worshipper of Warmaster Okawaru
  3102 | D:3      | Reached * piety under Okawaru
  3102 | D:3      | Reached ** piety under Okawaru
  3188 | D:3      | Reached skill level 6 in Polearms
  3351 | D:3      | Identified a +0 club
  3538 | D:3      | Identified a +0 flail
  3538 | D:3      | Identified a +0 leather armour
  3538 | D:3      | Identified a +0 club
  3538 | D:3      | Identified a +0 leather armour
  3538 | D:3      | Identified a +0 dagger
  3538 | D:3      | Identified a +0 robe
  3587 | D:3      | Reached skill level 1 in Armour
  3781 | D:3      | Identified an amulet of the gourmand (You found it on level
                  | 3 of the Dungeon)
  3957 | D:4      | Identified a +0 leather armour
  4009 | D:4      | Identified a ring of fire (You found it on level 4 of the
                  | Dungeon)
  4031 | D:4      | Found an opulent altar of Gozag.
  4031 | D:4      | Found a bloodstained altar of Trog.
  4054 | D:4      | Identified a cursed -2 trident (You found it on level 4 of
                  | the Dungeon)
  4055 | D:4      | Identified 3 scrolls of enchant weapon
  4056 | D:4      | Identified 2 scrolls of enchant armour
  4057 | D:4      | Identified 2 scrolls of remove curse
  4059 | D:4      | Identified a +0 spear
  4075 | D:4      | Found a glowing silver altar of Zin.
  4110 | D:4      | Reached XP level 6. HP: 28/50 MP: 3/6
  4315 | D:4      | Found a glowing golden altar of the Shining One.
  4406 | D:4      | Reached skill level 5 in Dodging
  4626 | D:4      | Reached skill level 5 in Fighting
  4644 | D:4      | Identified a +0 pair of gloves (You found it on level 4 of
                  | the Dungeon)
  4650 | D:4      | Found a basalt altar of Yredelemnul.
  4755 | D:4      | Identified 2 potions of degeneration
  4757 | D:4      | Identified a potion of invisibility
  4758 | D:4      | Identified 5 potions of flight
  4759 | D:4      | Identified a potion of haste
  4761 | D:4      | Identified a ring of poison resistance (You found it on
                  | level 4 of the Dungeon)
  4777 | D:5      | Entered Level 5 of the Dungeon
  4777 | D:5      | Identified a +0 giant spiked club
  4777 | D:5      | Identified a +0 hand axe
  4777 | D:5      | Identified a +0 chain mail
  4777 | D:5      | Noticed an orc warrior
  4777 | D:5      | Identified a +0 short sword
  4993 | D:5      | Identified a +0 hand axe
  5246 | D:5      | Reached skill level 7 in Polearms
  5246 | D:5      | Reached XP level 7. HP: 31/56 MP: 7/7
  5246 | D:5      | Identified a +0 shortbow
  5252 | D:5      | Reached skill level 4 in Stealth
  5255 | D:5      | Identified a +0 flail
  5255 | D:5      | Identified a +0 leather armour
  5262 | D:5      | HP: 7/56 [centaur/arrow (12)]
  5265 | D:5      | HP: 3/56 [centaur/arrow (4)]
  5267 | D:5      | Identified a potion of mutation
  5267 | D:5      | Gained mutation: You are weak. (Str -2) [potion of
                  | mutation]
  5267 | D:5      | Gained mutation: Armour fits poorly on your strangely
                  | shaped body. [potion of mutation]
  5267 | D:5      | Gained mutation: You are partially covered in molten
                  | scales. (AC +2) [potion of mutation]
  5537 | D:5      | Identified a +0 trident
  5537 | D:5      | Identified a +0 leather armour
  5538 | D:5      | Identified a +0 club
  5543 | D:5      | Identified a +0 whip
  5543 | D:5      | Identified a +0 leather armour
  5545 | D:5      | Identified a +0 falchion
  5545 | D:5      | Identified a +0 ring mail
  6063 | D:5      | Found Wionn's Jewellery Emporium.
  6070 | D:5      | Identified a ring of flight (You found it on level 5 of the
                  | Dungeon)
  6224 | D:6      | Reached skill level 6 in Fighting
  6241 | D:6      | Reached *** piety under Okawaru
  6241 | D:6      | Reached skill level 8 in Polearms
  6241 | D:6      | Reached skill level 2 in Armour
  6241 | D:6      | Reached XP level 8. HP: 57/64 MP: 8/8
  6269 | D:5      | Identified a +0 scale mail (You found it on level 6 of the
                  | Dungeon)
  6363 | D:6      | Reached skill level 6 in Dodging
  6714 | D:6      | Reached skill level 5 in Stealth
  6768 | D:6      | Reached skill level 9 in Polearms
  6791 | D:6      | Found a runed translucent gate.
  6791 | D:6      | Found a runed translucent gate.
  6791 | D:6      | Found a runed translucent gate.
  7046 | D:6      | Noticed ChadPA's ghost (novice DDFi)
  7107 | D:7      | Identified a +0 flail
  7107 | D:7      | Identified a +0 club
  7193 | D:7      | Identified a +0 cloak (You found it on level 7 of the
                  | Dungeon)
  7230 | D:7      | Noticed a hippogriff
  7243 | D:7      | HP: 15/65 [hippogriff (3)]
  7243 | D:7      | HP: 7/65 [hippogriff (5)]
  7244 | D:7      | HP: 1/65 [hippogriff (4)]
  7244 | D:7      | Slain by a killer bee

Table legend:
 A = Turns spent in this place as a percentage of turns spent in the entire game.
 B = Non-inter-level travel turns spent in this place as a percentage of non-inter-level travel turns spent in the entire game.
 C = Inter-level travel turns spent in this place as a percentage of turns spent in this place.
 D = Turns resting spent in this place as a percentage of non-inter-level travel turns spent in this place.
 E = Turns spent auto-exploring this place as a percentage of non-inter-level travel turns spent in this place.
 F = Non-inter-level travel turns spent in this place divided by the number of levels of this place that you've seen.
                   A       B       C       D       E      F
               +-------+-------+-------+-------+-------+----------------------
         Total | 100.0 | 100.0 |   3.2 |  38.4 |  38.2 | 1001.7
       Dungeon | 100.0 | 100.0 |   3.2 |  38.4 |  38.2 | 1001.7
               +-------+-------+-------+-------+-------+----------------------

Table legend:
 A = Kills in this place as a percentage of kills in entire the game.
 B = Kills by you in this place as a percentage of kills by you in the entire game.
 C = Kills by friends in this place as a percentage of kills by friends in the entire game.
 D = Other kills in this place as a percentage of other kills in the entire game.
 E = Experience gained in this place as a percentage of experience gained in the entire game.
 F = Experience gained in this place divided by the number of levels of this place that you have seen.
                   A       B       C       D       E      F
               +-------+-------+-------+-------+-------+----------------------
         Total | 100.0 | 100.0 |   N/A | 100.0 | 100.0 | 270.7
       Dungeon | 100.0 | 100.0 |   N/A | 100.0 | 100.0 | 270.7
               +-------+-------+-------+-------+-------+----------------------

Skill      XL: |  1  2  3  4  5  6  7  8 |
---------------+-------------------------+-----
Polearms       | 5 6 7 8 9 |  9.0
Fighting       | 4 5 6 |  6.9
Stealth        | 3 4 5 |  5.1
Armour         | 1 2 |  2.4
Dodging        | 5 6 |  6.4

Action                   |  1- 3 |  4- 6 |  7- 9 || total
-------------------------+-------+-------+-------++-------
Melee: Spear             |   129 |   406 |       ||   535
       Halberd           |       |    20 |   165 ||   185
Throw: Stone             |    20 |    19 |    27 ||    66
Invok: Heroism           |       |     1 |     1 ||     2
  Use: Scroll            |       |    10 |       ||    10
       Potion            |       |       |     2 ||     2
 Stab: Sleeping          |     6 |     1 |     2 ||     9
       Distracted        |       |     2 |       ||     2
       Invisible         |       |       |     2 ||     2
  Eat: Chunk             |     2 |    11 |     4 ||    17
       Ration            |       |     1 |       ||     1
Armor: Ring mail         |    11 |    79 |    13 ||   103
       Robe              |     2 |       |       ||     2
       Scale mail        |       |       |    48 ||    48
Dodge: Dodged            |    72 |   212 |   155 ||   439
Block: Buckler           |       |     6 |       ||     6

Vanquished Creatures
  An ice beast (D:6)
  A phantom (D:6)
  An ogre (D:4)
  A centaur (D:5)
  2 bullfrogs (D:6)
  A scorpion (D:5)
  2 howler monkeys
  2 crimson imps
  2 bullfrog zombies
  3 hounds
  A jelly (D:6)
  3 worker ants
  An orc wizard (D:3)
  A killer bee zombie (D:5)
  A hound zombie (D:6)
  A hound skeleton (D:4)
  A worker ant zombie (D:5)
  6 gnolls
  9 adders
  3 oozes
  An adder zombie (D:5)
  3 adder skeletons
  7 dart slugs
  3 worms
  8 leopard geckos
  14 orcs
  4 bats
  4 giant cockroaches
  3 goblins
  5 hobgoblins
  8 jackals
  4 kobolds
  2 quokkas
  A ball python skeleton (D:4)
  7 frilled lizards
  A giant cockroach zombie (D:5)
  A goblin skeleton (D:4)
  2 goblin zombies (D:4)
  2 hobgoblin zombies (D:4)
  4 kobold skeletons (D:4)
  A kobold zombie (D:4)
  An orc zombie (D:4)
  9 rats
138 creatures vanquished.

Vanquished Creatures (others)
  A crimson imp (D:5)
1 creature vanquished.

Grand Total: 139 creatures vanquished
